 Dungeon Crawl Stone Soup version 0.29.1-15-g9cfb28693d (webtiles) character file.

Game seed: 9744507822790881563

814 croobank the Covert (level 7, -1/49 HPs)
             Began as an Octopode Delver on Mar 13, 2023.
             Slain by Duvessa
             ... wielding a +0 short sword
              (9 damage)
             ... on level 5 of the Dungeon.
             The game lasted 00:12:00 (5604 turns).

croobank the Covert (Octopode Delver)               Turns: 5604, Time: 00:12:01

Health: -1/49      AC:  1    Str: 12    XL:     7   Next: 93%
Magic:  0/19       EV: 14    Int: 14    God:
Gold:   240        SH:  0    Dex: 13    Spells: 11/11 levels left

rFire   . . .      SeeInvis .   a - +0 hand axe
rCold   . . .      Faith    .   (no shield)
rNeg    . . .      Spirit   +   (helmet restricted)
rPois   +          Reflect  .   k - amulet of guardian spirit
rElec   .          Harm     .   i - ring of magical power
rCorr   .          Rampage  .   y - ring of poison resistance
Will    .....                   (no ring)
Stlth   +++++.....              (no ring)
HPRegen 0.16/turn               (no ring)
MPRegen 0.16/turn               (no ring)
                                (no ring)
                                (no ring)

@: hasted, very quick
A: almost no armour, amphibious, 8 rings, camouflage 1, gelatinous body 1,
(nimble swimmer 1), tentacles
a: no special abilities


You were on level 5 of the Dungeon.
You visited 1 branch of the dungeon, and saw 6 of its levels.

You collected 240 gold pieces.

Inventory:

Hand Weapons
 a - a +0 hand axe (weapon)
 g - a +0 dagger
 m - a +0 war axe
 o - a +0 trident
 x - a +3 spear
 A - a +0 short sword
Missiles
 l - a throwing net (quivered)
 p - 5 boomerangs
Jewellery
 i - a ring of magical power (left tentacle)
 k - an amulet of guardian spirit (around mantle)
 y - a ring of poison resistance (right tentacle)
Wands
 f - a wand of digging (3)
Scrolls
 b - 4 scrolls of fog
 c - 3 scrolls of teleportation
 d - 2 scrolls of fear
 q - 2 scrolls of identify
 v - a scroll of magic mapping
 w - a scroll of poison {unknown}
 z - a scroll of vulnerability
 B - a scroll of torment {unknown}
 C - a scroll of immolation {unknown}
Potions
 e - 5 potions of brilliance
 h - 2 potions of lignification
 n - 2 potions of curing
 r - 4 potions of mutation {unknown}
 s - a potion of magic {unknown}
 t - a potion of ambrosia {unknown}
 u - a potion of attraction


   Skills:
 + Level 4.7 Fighting
 + Level 4.1 Axes
 + Level 4.1 Dodging
 + Level 8.3 Stealth
 + Level 2.5 Spellcasting
 + Level 2.7 Summonings


You had 11 spell levels left.
You didn't know any spells.
Your spell library contained the following spells:

 Spells                   Type           Power      Damage    Failure   Level
 Summon Forest            Summ/Tloc      2%         N/A       98%         5
 Summon Mana Viper        Hex/Summ       5%         N/A       98%         5
 Summon Cactus Giant      Summ           4%         N/A       100%        6


Dungeon Overview and Level Annotations

Branches:
Dungeon (6/15)
 Temple: D:4-7

Altars:
Vehumet

Annotations:
D:5 Duvessa


Innate Abilities, Weirdness & Mutations

You cannot wear most types of armour.
You are amphibious.
You can wear up to eight rings at the same time.
Your skin changes colour to match your surroundings (Stealth+).
Your rubbery body absorbs attacks. (AC +1, EV +1)
((You are camouflaged when in or above water. (Stealth+)))
You have tentacles for arms and can constrict up to eight enemies at once.


Message History

Duvessa is moderately wounded.
Duvessa hits you with a +0 short sword. Duvessa hits you but does no damage.
You hit Duvessa.
Duvessa is heavily wounded.
Duvessa completely misses you. Duvessa hits you with a +0 short sword!
You hit Duvessa but do no damage.
Duvessa is heavily wounded.
Duvessa hits you but does no damage.
You hit Duvessa but do no damage.
Duvessa is heavily wounded.
Duvessa hits you with a +0 short sword! Duvessa hits you but does no damage.
You barely miss Duvessa.
Duvessa is heavily wounded.
Duvessa hits you with a +0 short sword. x2
* * * LOW HITPOINT WARNING * * *
You hit Duvessa but do no damage.
Duvessa is heavily wounded.
Duvessa hits you but does no damage.
You hit Duvessa.
Duvessa is heavily wounded.
Duvessa hits you but does no damage. x2
You hit Duvessa.
Duvessa is heavily wounded.
You feel less wooden. Duvessa closely misses you.
You feel yourself speed up. Duvessa misses you. Duvessa closely misses you.
You hit Duvessa. You grab Duvessa.
Duvessa is heavily wounded.
You constrict Duvessa, but do no damage.
Duvessa hits you with a +0 short sword!
* * * LOW HITPOINT WARNING * * *
You hit Duvessa. You squeeze Duvessa, but do no damage.
Duvessa is heavily wounded.
You constrict Duvessa, but do no damage.
Duvessa barely misses you.
You hit Duvessa but do no damage.
Duvessa is heavily wounded.
You constrict Duvessa, but do no damage.
Duvessa hits you with a +0 short sword!
You die...

,**,,**,,**,*,,,,,,,,*
,,,,,,,,,,,,#........#
,,,,,,,,,,,,#........#
,,,,,,,,,,,,#........#
,,,,,,,,,,,,+........#
#############........#
.....................#
.....................#
................@e...#
.....................#
.....................#
.....................#
......#'#####........#
###'###.....#........#
............#........#
............#........#
............+........*


You could see Duvessa (berserk).

Vanquished Creatures
  A black bear (D:5)
  An ogre (D:5)
  A phantom (D:5)
  A necrophage (D:5)
  A scorpion (D:5)
  Dowan (D:5)
  A howler monkey (D:4)
  A jelly (D:4)
  3 orc priests (D:4)
  2 iguanas
  6 adders
  4 gnolls
  An ufetubus (D:5)
  A worm (D:2)
  2 dart slugs
  2 orcs (D:4)
  5 endoplasms
  7 giant cockroaches
  7 goblins
  6 hobgoblins
  12 jackals
  4 quokkas
  7 ball pythons
  9 bats
  6 frilled lizards
  3 kobolds
  3 rats
98 creatures vanquished.

Notes
Turn   | Place    | Note
-------+----------+-------------------------------------------
     0 | D:5      | croobank the Octopode Delver began the quest for the Orb.
     0 | D:5      | Reached XP level 1. HP: 16/16 MP: 1/1
    26 | D:5      | Noticed a phantom
    37 | D:5      | Noticed a quasit
    39 | D:5      | Noticed a quasit
    39 | D:5      | Noticed a quasit
    54 | D:5      | Noticed a quasit
   279 | D:5      | Noticed an orc priest
   296 | D:6      | Noticed a bullfrog
   356 | D:5      | Noticed an ogre
   362 | D:5      | Noticed a black bear
   397 | D:5      | Noticed a necrophage
   653 | D:2      | Reached XP level 2. HP: 12/21 MP: 2/2
   909 | D:1      | Reached XP level 3. HP: 25/26 MP: 3/3
  1098 | D:1      | Reached skill level 7 in Stealth
  1483 | D:1      | Reached XP level 4. HP: 31/31 MP: 4/4
  1869 | D:2      | Found a radiant altar of Vehumet.
  2305 | D:3      | HP: 1/31 [gnoll/+0 flail (10)]
  3107 | D:3      | Reached XP level 5. HP: 29/37 MP: 5/5
  3466 | D:3      | Reached skill level 1 in Spellcasting
  3466 | D:3      | Reached skill level 1 in Summonings
  3876 | D:4      | Reached XP level 6. HP: 39/43 MP: 7/7
  4866 | D:5      | Reached XP level 7. HP: 37/48 MP: 9/9
  4933 | D:5      | Reached skill level 8 in Stealth
  5557 | D:5      | Noticed Dowan
  5560 | D:5      | Noticed Duvessa
  5565 | D:5      | Killed Dowan
  5604 | D:5      | Slain by Duvessa

Illustrated notes

Levels and vault maps discovered:
D:1:      dpeg_arrival_simpleton_a, layout_basic, serial_curves, eino_curves_01,
          eino_curves_04, eino_curves_02
D:2:      layout_rooms, basic_altar
D:3:      layout_rooms, minmay_misc_feat_x, minmay_circle_x
D:4:      layout_loops_corners
D:5:      cheibrodos_quashed, layout_gridville, cheibrodos_worm_habitat,
          mainiacjoe_overflow_alcove_1, kennysheep_little_box,
          nemelex_dance_club_becter, uniq_duvessa
D:6:      layout_basic, nicolae_overflow_hidden_temple, temple_pool_b,
          kennysheep_generic_room_3

Skill      XL: |  1  2  3  4  5  6  7 |
---------------+----------------------+-----
Stealth        | 7 8 |  8.3
Dodging        | 3 4 |  4.1
Axes           | 3 4 |  4.1
Spellcasting   | 1 2 |  2.5
Summonings     | 1 2 |  2.7
Fighting       | 4 |  4.7

Action                   |  1- 3 |  4- 6 |  7- 9 || total
-------------------------+-------+-------+-------++-------
Melee: Hand axe          |    65 |   116 |    50 ||   231
       Constrict         |    17 |    40 |     4 ||    61
       Tentacles         |    12 |    28 |     5 ||    45
       Punch             |     1 |     1 |     1 ||     3
       Dagger            |       |     3 |    21 ||    24
Throw: Boomerang         |       |    16 |    12 ||    28
       Throwing net      |       |       |     1 ||     1
  Use: Scroll            |     1 |    10 |       ||    11
       Potion            |     1 |     1 |     2 ||     4
 Stab: Sleeping          |    18 |    15 |     1 ||    34
       Distracted        |       |       |     1 ||     1
Armor: Skin              |    10 |     6 |    33 ||    49
Dodge: Dodged            |    46 |    85 |    29 ||   160
